| TOP OF THE 1ST |
|
Greeneville Astros batting - Pitching for Seattle (APP) Mariners : LHP Mike Roberts
|
|
Pitching: LHP Mike Roberts
|
|
|
Batting: RHB Bill Borden
|
0-0: Ball 1-0: Ball 2-0: Called Strike 2-1: Foul Ball, location: 2F 2-2: Strikes out looking
|
|
Batting: RHB Tim Williams
|
0-0: Ball 1-0: Ball 2-0: Called Strike 2-1: Ground out 1-3 (Groundball, 15S, EV 68.8 MPH)
|
|
Batting: RHB Jamie Walker
|
0-0: Called Strike 0-1: SOLO HOME RUN (Flyball, 9LD, EV 90.6 MPH), Distance : 331 ft
|
|
Batting: SHB Rory Mozer
|
0-0: Ground out 5-3 (Groundball, 56S, EV 85.0 MPH)
|
| Top of the 1st over - 1 run, 1 hit, 0 errors, 0 left on base; Greeneville 1 - Seattle (APP) 0 |
| BOTTOM OF THE 1ST |
|
Seattle (APP) Mariners batting - Pitching for Greeneville Astros : LHP Guadalupe Gonzalez
|
|
Pitching: LHP Guadalupe Gonzalez
|
|
|
Batting: RHB Carlton McDonald
|
0-0: Ball 1-0: Called Strike 1-1: SINGLE (Groundball, 34S, EV 65.6 MPH) (infield hit)
|
|
Batting: RHB Caleb Dean
|
0-0: Called Strike Pickoff Throw by Catcher to First - Out! 0-1: Ball 1-1: Foul Ball, location: 2F 1-2: Ball 2-2: Ball 3-2: Base on Balls
|
|
Batting: LHB William Gonzales
|
0-0: Ball 1-0: Called Strike 1-1: Ball 2-1: Foul Ball, location: 2F 2-2: Ball 3-2: Fly out, F7 (Flyball, 7, EV 92.5 MPH)
|
|
Batting: RHB Rich Griffith
|
0-0: Ball 1-0: Ball 2-0: Foul Ball, location: 2F 2-1: Ground out 4-3 (Groundball, 34S, EV 84.4 MPH)
|
| Bottom of the 1st over - 0 runs, 1 hit, 0 errors, 1 left on base; Greeneville 1 - Seattle (APP) 0 |
| TOP OF THE 2ND |
|
Greeneville Astros batting - Pitching for Seattle (APP) Mariners : LHP Mike Roberts
|
|
Batting: LHB Bert Middleton
|
0-0: Called Strike 0-1: Called Strike 0-2: Ball 1-2: Ball 2-2: Ball 3-2: Foul Ball, location: 2F 3-2: Strikes out swinging
|
|
Batting: RHB Josh Reisner
|
0-0: Called Strike 0-1: Swinging Strike 0-2: Ball 1-2: Strikes out swinging
|
|
Batting: LHB Guadalupe Gonzalez
|
0-0: Swinging Strike 0-1: Foul Ball, location: 2F 0-2: Ball 1-2: Strikes out looking
|
| Top of the 2nd over - 0 runs, 0 hits, 0 errors, 0 left on base; Greeneville 1 - Seattle (APP) 0 |
| BOTTOM OF THE 2ND |
|
Seattle (APP) Mariners batting - Pitching for Greeneville Astros : LHP Guadalupe Gonzalez
|
|
Batting: RHB Eddie Luna
|
0-0: Called Strike 0-1: Fly out, F7 (Flyball, 7LM, EV 91.2 MPH)
|
|
Batting: RHB Joaquin Salazar
|
0-0: Ball 1-0: Called Strike 1-1: Called Strike 1-2: Ball 2-2: DOUBLE (Line Drive, 89D, EV 113.1 MPH)
|
|
Batting: RHB Ziven Badersky
|
0-0: Ball 1-0: Called Strike 1-1: Called Strike 1-2: Strikes out swinging
|
|
Batting: LHB Garrett Dodge
|
0-0: 2-RUN HOME RUN (Flyball, 7D, EV 100.6 MPH), Distance : 376 ft
|
|
Batting: RHB Tristan Martin
|
0-0: Called Strike 0-1: Foul Ball, location: 2F 0-2: Ball 1-2: Strikes out swinging
|
| Bottom of the 2nd over - 2 runs, 2 hits, 0 errors, 0 left on base; Greeneville 1 - Seattle (APP) 2 |
| TOP OF THE 3RD |
|
Greeneville Astros batting - Pitching for Seattle (APP) Mariners : LHP Mike Roberts
|
|
Batting: RHB Mike Brisbin
|
0-0: Ground out 6-3 (Groundball, 6, EV 100.6 MPH)
|
|
Batting: RHB Kenny Beall
|
0-0: Ball 1-0: Called Strike 1-1: Ball 2-1: Foul Ball, location: 2F 2-2: Strikes out swinging
|
|
Batting: RHB Bill Borden
|
0-0: Ball 1-0: Swinging Strike 1-1: Foul Ball, location: 2F 1-2: Foul Ball, location: 2F 1-2: Foul Ball, location: 2F 1-2: Foul Ball, location: 2F 1-2: Ball 2-2: Foul Ball, location: 2F 2-2: Ball 3-2: Foul Ball, location: 2F 3-2: Base on Balls
|
|
Batting: RHB Tim Williams
|
0-0: Ball 1-0: Ground out 4-3 (Groundball, 4, EV 93.1 MPH)
|
| Top of the 3rd over - 0 runs, 0 hits, 0 errors, 1 left on base; Greeneville 1 - Seattle (APP) 2 |
| BOTTOM OF THE 3RD |
|
Seattle (APP) Mariners batting - Pitching for Greeneville Astros : LHP Guadalupe Gonzalez
|
|
Batting: RHB Carlton McDonald
|
0-0: Ball 1-0: SINGLE (Groundball, 34D, EV 86.9 MPH) (infield hit)
|
|
Batting: RHB Caleb Dean
|
0-0: Ball 1-0: Foul Ball, location: 2F 1-1: Fly out, F8 (Flyball, 89XD, EV 105.6 MPH)
|
|
Batting: LHB William Gonzales
|
0-0: Called Strike 0-1: Ball 1-1: SINGLE (Line Drive, 5D, EV 94.4 MPH) Carlton McDonald to second
|
|
Batting: RHB Rich Griffith
|
0-0: Fielders Choice at 2nd, 3-6 (Groundball, 34, EV 103.8 MPH) Carlton McDonald to third
|
|
Batting: RHB Eddie Luna
|
0-0: Ball 1-0: Ball 2-0: Ball 3-0: Called Strike 3-1: Fielders Choice at 2nd, 5-4 (Groundball, 5, EV 85.0 MPH)
|
| Bottom of the 3rd over - 0 runs, 2 hits, 0 errors, 2 left on base; Greeneville 1 - Seattle (APP) 2 |
| TOP OF THE 4TH |
|
Greeneville Astros batting - Pitching for Seattle (APP) Mariners : LHP Mike Roberts
|
|
Batting: RHB Jamie Walker
|
0-0: Swinging Strike 0-1: Ball 1-1: Ball 2-1: Foul Ball, location: 2F 2-2: Foul Ball, location: 2F 2-2: Ball 3-2: Fly out, F8 (Flyball, 89D, EV 82.5 MPH)
|
|
Batting: SHB Rory Mozer
|
0-0: Foul Ball, location: 2F 0-1: Ball 1-1: Swinging Strike 1-2: Strikes out swinging
|
|
Batting: LHB Bert Middleton
|
0-0: Ball 1-0: Ground out U3 (Groundball, 13, EV 86.9 MPH)
|
| Top of the 4th over - 0 runs, 0 hits, 0 errors, 0 left on base; Greeneville 1 - Seattle (APP) 2 |
| BOTTOM OF THE 4TH |
|
Seattle (APP) Mariners batting - Pitching for Greeneville Astros : LHP Guadalupe Gonzalez
|
|
Batting: RHB Joaquin Salazar
|
0-0: Ball 1-0: Ball 2-0: Foul Ball, location: 2F 2-1: Ball 3-1: Called Strike 3-2: Base on Balls
|
|
Batting: RHB Ziven Badersky
|
0-0: Ball 1-0: Swinging Strike 1-1: Ball Joaquin Salazar steals 2nd, throwing error, E2 Joaquin Salazar to third 2-1: Ball 3-1: Swinging Strike 3-2: Ground out 6-3 (Groundball, 6, EV 88.1 MPH) Joaquin Salazar scores
|
|
Batting: LHB Garrett Dodge
|
0-0: SINGLE (Groundball, 6M, EV 85.6 MPH) (infield hit)
|
|
Batting: RHB Tristan Martin
|
0-0: Ball 1-0: Called Strike 1-1: Ball 2-1: Ball 3-1: Base on Balls Garrett Dodge to second
|
|
Batting: RHB Carlton McDonald
|
0-0: Ball 1-0: Ball 2-0: Ball 3-0: Base on Balls Garrett Dodge to third Tristan Martin to second
|
|
Batting: RHB Caleb Dean
|
0-0: Foul Ball, location: 2F 0-1: Ball 1-1: Foul Ball, location: 2F 1-2: Fielders Choice at 2nd, 6-4 (Groundball, 6, EV 103.8 MPH) Garrett Dodge scores Tristan Martin to third
|
|
Batting: LHB William Gonzales
|
0-0: Ball 1-0: Ball 2-0: Foul Ball, location: 2F 2-1: Ball 3-1: Base on Balls Caleb Dean to second
|
|
Batting: RHB Rich Griffith
|
0-0: Foul Ball, location: 2F 0-1: Foul Ball, location: 2F 0-2: Strikes out swinging
|
| Bottom of the 4th over - 2 runs, 1 hit, 1 error, 3 left on base; Greeneville 1 - Seattle (APP) 4 |
| TOP OF THE 5TH |
|
Greeneville Astros batting - Pitching for Seattle (APP) Mariners : LHP Mike Roberts
|
|
Batting: RHB Josh Reisner
|
0-0: Ball 1-0: Foul Ball, location: 2F 1-1: Ball 2-1: Foul Ball, location: 2F 2-2: Strikes out looking
|
|
Batting: LHB Guadalupe Gonzalez
|
0-0: Foul Ball, location: 2F 0-1: Foul Ball, location: 2F 0-2: Ground out 5-3 (Groundball, 6, EV 78.8 MPH)
|
|
Batting: RHB Mike Brisbin
|
0-0: Foul Ball, location: 2F 0-1: Ground out U3 (Groundball, 13, EV 80.0 MPH)
|
| Top of the 5th over - 0 runs, 0 hits, 0 errors, 0 left on base; Greeneville 1 - Seattle (APP) 4 |
| BOTTOM OF THE 5TH |
|
Seattle (APP) Mariners batting - Pitching for Greeneville Astros : LHP Guadalupe Gonzalez
|
|
Batting: RHB Eddie Luna
|
0-0: Ball 1-0: SINGLE (Groundball, 4S, EV 75.0 MPH) (infield hit)
|
|
Batting: RHB Joaquin Salazar
|
0-0: Foul Ball, location: 2F 0-1: Foul Ball, location: 2F 0-2: Ball 1-2: Ball 2-2: Foul Ball, location: 2F 2-2: Ball 3-2: Base on Balls Eddie Luna to second
|
|
Batting: RHB Ziven Badersky
|
0-0: Ball 1-0: Ball 2-0: Called Strike 2-1: Foul Ball, location: 2F 2-2: Ball 3-2: SINGLE (Line Drive, 89M, EV 110.0 MPH) Eddie Luna to third Joaquin Salazar to second
|
|
Batting: LHB Garrett Dodge
|
0-0: Ball Wild Pitch! Eddie Luna scores Joaquin Salazar to third Ziven Badersky to second 1-0: Called Strike 1-1: Ball 2-1: Ball 3-1: Foul Ball, location: 2F 3-2: SINGLE (Groundball, 25, EV 67.5 MPH) (infield hit)
|
|
Batting: RHB Tristan Martin
|
0-0: Ball 1-0: Fly out, F8 (Flyball, 8RD, EV 107.5 MPH) Runner from 3rd tags up, OUT at HOME! 8-2 Ziven Badersky to third Garrett Dodge to second
|
|
Pitching: LHP Chase Smith
|
|
|
Batting: RHB Carlton McDonald
|
0-0: Called Strike 0-1: Ball 1-1: Called Strike 1-2: Ball 2-2: Strikes out swinging
|
| Bottom of the 5th over - 1 run, 3 hits, 0 errors, 2 left on base; Greeneville 1 - Seattle (APP) 5 |
| TOP OF THE 6TH |
|
Greeneville Astros batting - Pitching for Seattle (APP) Mariners : LHP Mike Roberts
|
|
Pitching: RHP Daniel Villalobos
|
|
|
Batting: RHB Kenny Beall
|
0-0: Called Strike 0-1: Swinging Strike 0-2: Ball 1-2: Ball 2-2: Foul Ball, location: 2F 2-2: DOUBLE (Line Drive, 9LD, EV 102.5 MPH)
|
|
Batting: RHB Bill Borden
|
0-0: Swinging Strike 0-1: Foul Ball, location: 2F 0-2: Strikes out swinging
|
|
Batting: RHB Tim Williams
|
0-0: Ball 1-0: Foul Ball, location: 2F 1-1: Ball 2-1: Ground out 6-3 (Groundball, 6, EV 83.1 MPH)
|
|
Batting: RHB Jamie Walker
|
0-0: Ball 1-0: Fly out, F8 (Flyball, 78M, EV 85.0 MPH)
|
| Top of the 6th over - 0 runs, 1 hit, 0 errors, 1 left on base; Greeneville 1 - Seattle (APP) 5 |
| BOTTOM OF THE 6TH |
|
Seattle (APP) Mariners batting - Pitching for Greeneville Astros : LHP Chase Smith
|
|
Batting: RHB Caleb Dean
|
0-0: Ball 1-0: Foul Ball, location: 2F 1-1: Ball 2-1: Called Strike 2-2: Ground out 4-3 (Groundball, 4, EV 91.2 MPH)
|
|
Batting: LHB William Gonzales
|
0-0: Fly out, F9 (Line Drive, 9D, EV 101.9 MPH)
|
|
Batting: RHB Rich Griffith
|
0-0: Ball 1-0: Ball 2-0: Ball 3-0: Called Strike 3-1: Base on Balls
|
|
Batting: RHB Eddie Luna
|
0-0: Called Strike Rich Griffith steals 2nd base 0-1: Swinging Strike 0-2: Ball 1-2: Fly out, F9 (Flyball, 9D, EV 100.0 MPH)
|
| Bottom of the 6th over - 0 runs, 0 hits, 0 errors, 1 left on base; Greeneville 1 - Seattle (APP) 5 |
| TOP OF THE 7TH |
|
Greeneville Astros batting - Pitching for Seattle (APP) Mariners : RHP Daniel Villalobos
|
|
Batting: SHB Rory Mozer
|
0-0: Ball 1-0: Called Strike 1-1: Called Strike 1-2: Ball 2-2: Ball 3-2: Base on Balls
|
|
Batting: LHB Bert Middleton
|
0-0: Ball 1-0: Ball Wild Pitch! Rory Mozer to second 2-0: Ball 3-0: Base on Balls
|
|
Pitching: RHP Ross Hallock
|
|
|
Batting: RHB Josh Reisner
|
0-0: Ball 1-0: Foul Ball, location: 2F 1-1: Foul Ball, location: 2F 1-2: Ball 2-2: Strikes out swinging
|
|
Batting: LHB Guadalupe Gonzalez
|
0-0: Called Strike 0-1: Foul Ball, location: 2F 0-2: Strikes out swinging
|
|
Batting: RHB Mike Brisbin
|
0-0: Ball 1-0: Swinging Strike 1-1: Called Strike 1-2: Ball 2-2: Strikes out looking
|
| Top of the 7th over - 0 runs, 0 hits, 0 errors, 2 left on base; Greeneville 1 - Seattle (APP) 5 |
| BOTTOM OF THE 7TH |
|
Seattle (APP) Mariners batting - Pitching for Greeneville Astros : LHP Chase Smith
|
|
Batting: RHB Joaquin Salazar
|
0-0: Called Strike 0-1: Ball 1-1: Called Strike 1-2: Strikes out swinging
|
|
Batting: RHB Ziven Badersky
|
0-0: Foul Ball, location: 2F 0-1: Swinging Strike 0-2: Ground out 5-3 (Groundball, 56S, EV 83.1 MPH)
|
|
Batting: LHB Garrett Dodge
|
0-0: Called Strike 0-1: Ground out 6-3 (Groundball, 6M, EV 88.1 MPH)
|
| Bottom of the 7th over - 0 runs, 0 hits, 0 errors, 0 left on base; Greeneville 1 - Seattle (APP) 5 |
| TOP OF THE 8TH |
|
Greeneville Astros batting - Pitching for Seattle (APP) Mariners : RHP Ross Hallock
|
|
Pitching: RHP Bryce Blanksby
|
|
|
Batting: RHB Kenny Beall
|
0-0: Called Strike 0-1: Ball 1-1: Swinging Strike 1-2: Strikes out swinging
|
|
Pinch Hitting: LHB Ryan Fridley
|
0-0: Called Strike 0-1: Swinging Strike 0-2: Foul Ball, location: 2F 0-2: Strikes out swinging
|
|
Batting: RHB Tim Williams
|
0-0: Ball 1-0: Called Strike 1-1: Ball 2-1: Called Strike 2-2: Ball 3-2: Strikes out swinging
|
| Top of the 8th over - 0 runs, 0 hits, 0 errors, 0 left on base; Greeneville 1 - Seattle (APP) 5 |
| BOTTOM OF THE 8TH |
|
Seattle (APP) Mariners batting - Pitching for Greeneville Astros : LHP Chase Smith
|
|
Now in CF: Ryan Fridley
|
|
|
Batting: RHB Tristan Martin
|
0-0: Fly out, F7 (Flyball, 78D, EV 93.8 MPH)
|
|
Pitching: LHP Kimmo-Mikka Koistinen
|
|
|
Batting: RHB Carlton McDonald
|
0-0: Called Strike 0-1: Ball 1-1: Foul Ball, location: 2F 1-2: Ball 2-2: Fly out, F8 (Flyball, 8RD, EV 96.2 MPH)
|
|
Pitching: RHP Marc Marchand
|
|
|
Batting: RHB Caleb Dean
|
0-0: Ball 1-0: Called Strike 1-1: Ball 2-1: Called Strike 2-2: Foul Ball, location: 2F 2-2: Strikes out looking
|
| Bottom of the 8th over - 0 runs, 0 hits, 0 errors, 0 left on base; Greeneville 1 - Seattle (APP) 5 |
| TOP OF THE 9TH |
|
Greeneville Astros batting - Pitching for Seattle (APP) Mariners : RHP Bryce Blanksby
|
|
Pitching: RHP Yen-nien Luo
|
|
|
Batting: RHB Jamie Walker
|
0-0: Ball 1-0: Ball 2-0: Called Strike 2-1: Swinging Strike 2-2: Foul Ball, location: 2F 2-2: Strikes out swinging
|
|
Batting: SHB Rory Mozer
|
0-0: Called Strike 0-1: Ball 1-1: Called Strike 1-2: Foul Ball, location: 2F 1-2: Ball 2-2: Ball 3-2: Base on Balls
|
|
Batting: LHB Bert Middleton
|
0-0: Ball 1-0: Ball 2-0: Called Strike 2-1: Foul Ball, location: 2F 2-2: Strikes out swinging
|
|
Pinch Hitting: LHB Josh Glass
|
0-0: Ball 1-0: Ball 2-0: Called Strike 2-1: Ball 3-1: Base on Balls Rory Mozer to second
|
|
Batting: LHB Guadalupe Gonzalez
|
0-0: Called Strike 0-1: Called Strike 0-2: Ball 1-2: Strikes out swinging
|
| Top of the 9th over - 0 runs, 0 hits, 0 errors, 2 left on base; Greeneville 1 - Seattle (APP) 5 |
|